 Dungeon Crawl Stone Soup version 0.20.1-1-g8b1a95d (webtiles) character file.

81 vatarom the Sneak (level 4, -1/23 HPs)
             Began as a Vine Stalker Assassin on Sept 15, 2017.
             Killed from afar by Sigmund (11 damage)
             ... with a puff of flame
             ... on level 2 of the Dungeon.
             The game lasted 00:04:06 (2136 turns).

vatarom the Sneak (Vine Stalker Assassin)           Turns: 2136, Time: 00:04:07

Health: -1/23      AC:  3    Str: 14    XL:     4   Next: 40%
Magic:  0/5        EV: 12    Int: 11    God:
Gold:   113        SH:  0    Dex: 16    Spells: 3/3 levels left

rFire    . . .     SeeInvis .   b - +0 blowgun
rCold    . . .     Gourm    .   (no shield)
rNeg     . . .     Faith    .   c - +0 robe
rPois    .         Spirit   +   (no helmet)
rElec    .         Reflect  .   d - +0 cloak
rCorr    .         Harm     .   (no gloves)
MR       .....                  (no boots)
Stlth    +++.......             (no amulet)
Regen    0.5/turn               i - ring of wizardry (curse)
MPRegen  0.1/turn               (no ring)

@: no status effects
A: fangs 2, regeneration 1, magic shield, antimagic bite, no potion heal 3, rot
immunity
a: no special abilities


You were on level 2 of the Dungeon.
You were not hungry.

You visited 1 branch of the dungeon, and saw 2 of its levels.

You collected 113 gold pieces.

Inventory:

Hand Weapons
 b - a +0 blowgun (weapon)
 l - a +2 dagger of venom
Missiles
 e - 7 poisoned needles (quivered)
Armour
 c - a +0 robe (worn)
 d - a +0 cloak (worn)
Jewellery
 i - a cursed ring of wizardry (left hand)
 p - an uncursed ring of ice
 v - an uncursed ring of wizardry
Scrolls
 u - a scroll of identify {unknown}
 w - a scroll of noise {unknown}
Potions
 h - a potion of berserk rage {unknown}
 j - a potion of flight {unknown}
 n - a potion of might {unknown}
 o - a potion of heal wounds {unknown}
 q - a potion of degeneration {unknown}
 r - a potion of haste {unknown}
 s - a potion of curing {unknown}
 t - a potion of agility
Comestibles
 a - 2 chunks of flesh
 g - a bread ration
 k - 2 meat rations
 m - a royal jelly


   Skills:
 * Level 2.6 Fighting
 * Level 3.0 Short Blades
 - Level 1.7 Throwing
 + Level 1.2 Dodging
 + Level 5.2 Stealth


You had 3 spell levels left.
You didn't know any spells.

Dungeon Overview and Level Annotations

Branches:
Dungeon (2/15)

Altars:
Elyvilon
Fedhas

Annotations:
D:2 Sigmund


Innate Abilities, Weirdness & Mutations

You have extremely sharp teeth.
Your natural rate of healing is unusually fast.
When hurt, damage is shared between your health and your magic reserves.
Your bite disrupts and absorbs the magic of your enemies.
Potions cannot restore your health.
You are immune to rotting.


Message History

Fire/throw which item? (* to show all) (? for menu, Esc to quit)
Press: ? - help, Shift-Dir - straight line You shoot a poisoned needle.
Something hits you!
Fire/throw which item? (* to show all) (? for menu, Esc to quit)
Press: ? - help, Shift-Dir - straight line You shoot a poisoned needle.
Unknown command.
You hear some strange, mumbled words.
Something tries to affect you, but you resist.
A puff of flame appears from out of thin air!
The puff of flame hits you!
Some of the chunks of flesh in your inventory have rotted away.
A magic dart appears from out of thin air!
The magic dart hits you!
* * * LOW HITPOINT WARNING * * *
Sigmund casts a spell.
Sigmund flickers and vanishes!
A puff of flame appears from out of thin air!
The puff of flame hits you!
You die...

..........###### #########.#...#
.###>........{.# #..............
######.####.# #....≈###.#...#
#.# #.####.≈≈≈≈# #.#...# #.#
#..##..≈_≈.# #.#...# #.#
##.##..≈≈≈≈# #.#...# #.#
#....≈≈.≈≈###.#...# #.#
##.##.###.....#...#
########.######@##.# #####.#...#
#........#.........# #.#...#
#.########.###...###########....
#.# #.# #..........# #.# #.#
#..........# #.# #.#
#..........# #.# #.#
#..........# #.# #.#
#...#.###### #.########.#
#...#..#


There were no monsters in sight!

Vanquished Creatures
  Terence (D:2)
  A gnoll (D:2)
  An adder (D:2)
  A worm (D:2)
  A leopard gecko (D:1)
  2 ball pythons
  4 bats
  A giant cockroach (D:2)
  5 goblins (D:1)
  4 hobgoblins
  A quokka (D:2)
  3 frilled lizards
  5 kobolds
  A leopard gecko zombie (D:1)
  2 rats (D:1)
  A plant (D:1)
34 creatures vanquished.

Notes
Turn   | Place    | Note
-------+----------+-------------------------------------------
     0 | D:1      | vatarom the Vine Stalker Assassin began the quest for the Orb.
     0 | D:1      | Reached XP level 1. HP: 11/11 MP: 2/2
   131 | D:1      | Reached XP level 2. HP: 12/15 MP: 1/3
  1226 | D:2      | Reached skill level 5 in Stealth
  1226 | D:2      | Reached XP level 3. HP: 3/18 MP: 1/4
  1707 | D:2      | Found a white marble altar of Elyvilon.
  1743 | D:2      | Found a blossoming altar of Fedhas.
  1772 | D:2      | Reached skill level 1 in Dodging
  2075 | D:2      | Noticed Sigmund
  2078 | D:2      | Noticed Terence
  2111 | D:2      | Killed Terence
  2111 | D:2      | Gained mutation: Your natural rate of healing is unusually fast. [Vine Stalker growth]
  2111 | D:2      | Reached XP level 4. HP: 23/23 MP: 5/5
  2136 | D:2      | Killed from afar by Sigmund

Skill      XL: |  1  2  3 |
---------------+----------+-----
Short Blades   | 2 3 |  3.0
Fighting       | 2 |  2.6
Stealth        | 5 |  5.2
Dodging        | 1 |  1.2
Throwing       | |  1.7

Action                   |  1- 3 |  4- 6 || total
-------------------------+-------+-------++-------
Melee: Dagger            |    81 |       ||    81
       Bite              |    26 |       ||    26
 Fire: Blowgun           |    10 |     3 ||    13
  Use: Scroll            |     3 |       ||     3
 Stab: Sleeping          |    12 |       ||    12
  Eat: Chunk             |     1 |       ||     1
       Bread ration      |     1 |       ||     1
Armor: Robe              |     9 |       ||     9
Dodge: Dodged            |    35 |       ||    35
